Map: [ESL] Royal Blood

Players

Serral - Winner!

  • Race: Zerg Zerg
  • League: Diamond
  • Spawn Location: 1:00

GuMiho

  • Race: Terran Terran
  • Spawn Location: 7:00

Event: ESL SC2 Masters 2023 Summer (Finals)

VOD

Have the link to the VOD?

Description

Time

  • Played on: June 18, 2023, 1:06 p.m.
  • Length: 12:51

All games in this series

Show
View Real Time Build Order
Export as new Build Order

Serral Zerg - Winner!

Build Orders: Hatch First, Lurkers 

Get SALT Encoding   

  12  0:00  Drone  
  13  0:08  Drone  
  14  0:14  Extractor  
  14  0:15  Drone  
  15  0:36  Hatchery  
  15  0:41  Extractor  
  15  0:42  Drone  
  15  0:48  Overlord  
  15  1:02  Spawning Pool  
  14  1:06  Drone  
  14  1:10  Drone  
  16  1:13  Drone  
  16  1:18  Drone  
  18  1:29  Drone  
  19  1:40  Drone  
  20  1:48  Queen  
  20  1:49  Queen, Zergling x2  
  20  1:52  Overlord  
  25  1:59  Drone  
  25  2:00  Drone  
  27  2:10  Drone  
  27  2:11  Drone  
  29  2:20  Drone  
  29  2:22  Drone  
  31  2:25  Spore Crawler  
  31  2:27  Queen x2  
  34  2:32  Drone  
  34  2:33  Overlord  
  35  2:50  Hatchery  
  35  2:51  Drone  
  35  2:52  Extractor, Drone  
  35  2:54  Drone  
  35  2:55  Drone  
  37  2:58  Drone  
  37  2:59  Drone x2  
  37  3:02  Drone  
  37  3:04  Drone  
  42  3:06  Drone  
  42  3:12  Overlord  
  43  3:18  Drone  
  44  3:20  Extractor  
  44  3:22  Drone  
  44  3:23  Roach Warren  
  43  3:30  Drone x5  
  43  3:34  Drone x2  
  50  3:37  Drone x2  
  52  3:41  Overlord  
  52  3:43  Overlord  
  52  3:53  Overlord  
  52  4:04  Roach x3  
  52  4:09  Roach  
  60  4:12  Drone x5  
  60  4:16  Queen  
  65  4:17  Roach  
  65  4:18  Roach  
  71  4:24  Overlord, Lair  
  71  4:26  Drone x2  
  73  4:32  Overlord  
  73  4:33  Drone  
  73  4:35  Overlord  
  73  4:36  Overlord  
  74  4:39  Overlord  
  74  4:44  Roach  
  74  4:45  Zergling x2  
  77  4:51  Drone x4  
  81  4:54  Drone x3  
  84  5:00  Overlord, Queen  
  84  5:02  Extractor  
  84  5:03  Extractor  
  84  5:06  Drone x2  
  84  5:07  Drone x6  
  92  5:09  Overlord  
  92  5:12  Drone x2  
  94  5:15  Extractor  
  94  5:17  Evolution Chamber  
  94  5:18  Drone  
  94  5:19  Drone, Evolution Chamber  
  93  5:22  Drone  
  93  5:24  Extractor, Overseer  
  93  5:29  Drone x2  
  93  5:30  Roach, Drone  
  93  5:33  Overlord  
  98  5:36  Roach  
  100  5:45  Hatchery  
  100  5:46  Zerg Missile Weapons Level 1, Spore Crawler, Zerg Ground Armor Level 1, Overseer  
  100  5:48  Roach x2  
  101  5:53  Roach x3  
  101  5:55  Metabolic Boost  
  101  5:57  Drone  
  108  5:59  Overlord  
  108  6:01  Overlord  
  108  6:05  Roach x2  
  108  6:10  Infestation Pit  
  104  6:19  Drone x6  
  104  6:22  Drone  
  104  6:23  Drone x5  
  115  6:27  Drone x3  
  115  6:29  Drone  
  115  6:30  Glial Reconstitution  
  119  6:34  Drone  
  119  6:35  Drone  
  119  6:36  Drone x2  
  119  6:37  Drone  
  119  6:38  Overlord  
  124  6:47  Infestor x2  
  124  6:50  Hive  
  124  6:52  Hydralisk Den  
  124  6:53  Roach  
  129  6:55  Overlord  
  129  6:57  Overlord  
  129  7:02  Extractor x2, Roach x3  
  129  7:07  Overlord  
  131  7:11  Drone x6  
  131  7:14  Drone x2  
  135  7:17  Drone x2, Spore Crawler  
  135  7:20  Drone  
  135  7:21  Spore Crawler  
  135  7:22  Drone x2  
  133  7:25  Drone x2  
  133  7:31  Lurker Den  
  133  7:33  Drone x4  
  136  7:37  Overlord  
  136  7:38  Roach  
  138  7:45  Roach x5  
  148  7:53  Overlord, Zergling x2  
  148  7:54  Zergling x6  
  148  7:57  Zerg Melee Weapons Level 1  
  148  7:58  Zerg Ground Armor Level 2  
  152  8:07  Zergling x16  
  152  8:10  Ravager x3  
  163  8:16  Roach  
  163  8:17  Roach x4  
  163  8:20  Ravager x5  
  163  8:22  Roach  
  163  8:23  Roach x2  
  174  8:27  Overlord x2  
  174  8:31  Overseer  
  174  8:33  Hydralisk x3  
  180  8:40  Hydralisk x2  
  184  8:41  Seismic Spines  
  176  8:51  Hydralisk x2  
  176  8:52  Zergling x6  
  182  9:03  Lurker x3  
  182  9:05  Roach x3  
  182  9:06  Roach x3  
  182  9:09  Lurker x2  
  195  9:18  Overseer  
  195  9:21  Roach x2  
  195  9:22  Roach  
  199  9:29  Hatchery  
  199  9:30  Overlord  
  199  9:31  Overseer  
  198  9:44  Overlord  
  190  9:48  Lurker x2  
  190  9:51  Viper x2  
  196  9:53  Adrenal Glands  
  196  9:56  Zergling x6  
  199  10:00  Spore Crawler  
  199  10:01  Spore Crawler  
  199  10:02  Spore Crawler  
  196  10:07  Baneling Nest  
  195  10:19  Zergling x20  
  198  10:26  Pneumatized Carapace  
  198  10:28  Hydralisk x4  
  192  10:33  Zerg Melee Weapons Level 2  
  199  10:38  Overseer  
  199  10:39  Hydralisk x3  
  189  10:43  Roach x3, Zergling x6  
  189  10:44  Zergling x12  
  178  10:50  Zergling x2  
  178  10:51  Zergling x28  
  178  10:56  Hydralisk x2  
  179  10:57  Zergling x12  
  179  10:59  Hatchery  
  179  11:00  Hydralisk  
  179  11:01  Hydralisk  
  176  11:05  Lurker x3  
  176  11:10  Zergling x8  
  183  11:16  Adaptive Talons  
  180  11:19  Zergling x8  
  180  11:22  Queen  
  179  11:25  Lurker x3  
  180  11:43  Lurker x4  
  184  11:49  Hydralisk x3  
  184  11:53  Zergling x2  
  184  11:54  Zergling x18  
  200  11:56  Overseer  
  199  12:15  Zergling x8  
  199  12:22  Hydralisk x5  
  180  12:23  Zergling x12  
  183  12:43  Lurker  
Show
View Real Time Build Order
Export as new Build Order

GuMiho Terran 

Build Orders: Reaper Expand 

Get SALT Encoding   

  12  0:00  SCV  
  13  0:12  SCV  
  14  0:17  Supply Depot  
  14  0:24  SCV  
  15  0:38  SCV  
  15  0:40  Barracks  
  16  0:42  Refinery  
  16  0:50  SCV  
  17  1:03  SCV  
  18  1:15  SCV  
  19  1:26  Reaper  
  19  1:27  Orbital Command  
  20  1:37  Command Center  
  20  1:45  Supply Depot  
  20  1:52  SCV  
  21  1:58  Marine  
  22  2:04  SCV  
  22  2:08  Factory  
  23  2:16  SCV  
  23  2:22  Barracks Reactor  
  24  2:28  SCV  
  25  2:34  Command Center  
  25  2:40  SCV  
  25  2:50  Refinery  
  25  2:51  Orbital Command  
  25  2:57  Starport  
  25  2:58  SCV  
  26  3:01  Marine  
  26  3:03  Marine  
  28  3:07  Factory Tech Lab  
  28  3:10  SCV  
  29  3:20  SCV  
  29  3:22  SCV, Marine x2  
  33  3:30  Cyclone  
  33  3:33  SCV  
  37  3:35  SCV  
  38  3:45  SCV  
  38  3:46  Orbital Command  
  38  3:47  Marine x2, SCV  
  42  3:49  Medivac  
  44  3:57  SCV, Supply Depot  
  44  4:00  SCV  
  46  4:09  SCV  
  46  4:12  SCV  
  46  4:14  SCV  
  48  4:20  Supply Depot  
  48  4:21  Barracks Tech Lab  
  48  4:22  Hellion x2  
  52  4:28  SCV x3  
  55  4:31  Cloaking Field, Banshee  
  55  4:37  Supply Depot  
  58  4:38  Marine  
  58  4:41  SCV x3  
  62  4:46  Barracks  
  62  4:48  Barracks  
  62  4:52  Refinery  
  62  4:53  SCV x3, Refinery  
  62  4:55  Stimpack  
  62  4:56  Hellion x2  
  69  5:02  Marine  
  69  5:03  Orbital Command  
  69  5:05  SCV x2  
  72  5:10  Engineering Bay  
  72  5:11  Engineering Bay  
  72  5:14  Banshee  
  72  5:17  SCV, Supply Depot  
  72  5:19  Marine  
  72  5:20  SCV  
  78  5:28  SCV  
  79  5:30  SCV  
  79  5:32  SCV  
  79  5:34  Factory Reactor  
  81  5:36  Barracks  
  81  5:37  Barracks Reactor  
  81  5:40  Barracks, SCV  
  83  5:42  SCV  
  83  5:44  Terran Infantry Weapons Level 1, SCV, Supply Depot  
  84  5:50  Marine x3  
  84  5:55  SCV x2  
  84  5:56  SCV, Terran Infantry Armor Level 1  
  90  6:02  Supply Depot  
  90  6:06  Refinery, Factory  
  90  6:07  SCV x2  
  90  6:08  SCV  
  89  6:19  SCV x2  
  89  6:23  SCV  
  90  6:26  Armory  
  90  6:29  Barracks Reactor  
  90  6:30  Marine x2, Barracks Reactor  
  90  6:31  Marine, SCV x2  
  90  6:32  Marine x2  
  93  6:36  Medivac, Siege Tank  
  101  6:40  SCV  
  101  6:43  SCV x2  
  101  6:44  Refinery  
  101  6:45  Supply Depot  
  103  6:47  Supply Depot  
  103  6:48  Marine  
  103  6:49  Supply Depot  
  103  6:51  Marine x4  
  103  6:52  SCV  
  103  6:53  Factory Tech Lab  
  109  6:59  Command Center  
  109  7:07  Marine, Medivac, SCV x3  
  115  7:08  Marine  
  115  7:09  Marine x3, Siege Tank  
  122  7:19  SCV x3, Marine x2  
  122  7:20  Marine x2  
  122  7:21  Siege Tank  
  132  7:25  Marine  
  132  7:26  Supply Depot  
  132  7:27  Supply Depot  
  132  7:28  Supply Depot  
  132  7:29  Marine, Medivac  
  136  7:32  Marine x3  
  139  7:37  Marine  
  139  7:38  Barracks x3  
  139  7:41  Marine x2, Siege Tank  
  145  7:46  Marine  
  145  7:47  Marine  
  145  7:48  Marine  
  145  7:50  Marine  
  151  7:53  Siege Tank  
  151  7:55  Terran Infantry Weapons Level 2  
  152  7:59  Terran Infantry Armor Level 2  
  152  8:01  Marine x5  
  152  8:04  Marine  
  158  8:05  Supply Depot  
  158  8:06  Supply Depot x2  
  158  8:13  Siege Tank  
  157  8:25  Siege Tank  
  160  8:28  Barracks Tech Lab x2  
  160  8:29  Barracks Tech Lab  
  160  8:31  Marine x3  
  160  8:32  Sensor Tower  
  163  8:34  Combat Shield  
  163  8:37  Marine x3  
  166  8:42  Marine x3  
  166  8:44  Command Center  
  166  8:45  Siege Tank  
  166  8:48  Marine, Concussive Shells, Marauder  
  167  8:49  Marauder  
  167  8:51  Sensor Tower  
  167  8:54  SCV x2  
  167  8:55  SCV  
  173  8:57  Siege Tank  
  176  9:06  Planetary Fortress  
  176  9:07  Marine x2  
  176  9:08  Marauder x2  
  179  9:10  Marine, Marauder x2  
  179  9:14  Marine  
  179  9:15  Marine  
  185  9:19  Command Center  
  185  9:25  Marine x3  
  185  9:27  Siege Tank  
  185  9:29  Marauder x2  
  185  9:31  Marine x3  
  197  9:32  Marauder  
  197  9:37  Marine x2, Marauder  
  198  9:43  Command Center  
  198  9:44  Marine x2  
  198  9:45  Marine  
  193  9:48  Marine x2  
  193  9:50  Marauder x2, Terran Vehicle Weapons Level 1  
  197  9:53  Marauder  
  197  9:57  Marine  
  200  10:07  Missile Turret  
  200  10:12  Ghost Academy  
  200  10:14  Missile Turret  
  198  10:25  Marauder x2  
  186  10:29  Marine x2  
  186  10:30  Marauder  
  186  10:34  Siege Tank  
  188  10:37  Medivac x2  
  184  10:44  Marine x2, Marauder  
  184  10:47  Marauder  
  182  10:50  Marine x2  
  182  10:51  Marauder  
  182  10:53  Marine x3  
  182  10:54  Marauder  
  180  10:59  Marine  
  180  11:00  Siege Tank  
  180  11:02  Marine  
  172  11:05  Marine  
  172  11:06  Marauder  
  172  11:07  Medivac x2  
  172  11:08  Marauder, Marine x2  
  172  11:11  SCV x3, Marine x3  
  183  11:12  Marauder  
  183  11:13  SCV  
  183  11:17  Refinery  
  186  11:20  Refinery  
  186  11:23  Command Center  
  182  11:26  Marine x3, Marauder  
  182  11:27  Marauder  
  182  11:30  Marine x2  
  182  11:31  Marine x2  
  189  11:43  Siege Tank  
  189  11:44  Marine  
  189  11:45  Planetary Fortress  
  194  11:48  Ghost  
  194  11:49  Ghost  
  194  11:53  Missile Turret  
  191  11:55  Sensor Tower  
  191  12:00  Ghost  
  191  12:01  Bunker  
  193  12:02  Marine x4  
  193  12:03  Marine x2  
  193  12:05  Marine x2  
  193  12:06  Marauder  
  198  12:17  Marine x2  
  198  12:20  Marine  
  180  12:28  Marauder  
  180  12:29  Marauder  
  161  12:30  Marine x5  
  161  12:31  Marine x2  
Tags
 
Add a new tag
Caveats
  • Supply blocks, unpowered buildings, or Contaminate may cause inaccurate times.
  • Supply counts are checked every 10 seconds.